Map: 2000 Atmospheres LE

Players

GunGFuBanDa - Winner!

  • Race: Protoss Protoss

Kas

  • Race: Terran Terran

Event: DreamHack SC2 Masters 2021 Fall

VOD

Have the link to the VOD?

Description

Time

  • Played on: Aug. 6, 2021, 9:13 a.m.
  • Length: 7:33

All games in this series

Show
View Real Time Build Order
Export as new Build Order

GunGFuBanDa Protoss - Winner!

Build Orders: 1 Gate Expand, Blink Stalkers 

Get SALT Encoding   

  12  0:00  Probe  
  13  0:12  Probe  
  14  0:17  Pylon  
  14  0:24  Probe (Chrono Boost)  
  15  0:36  Probe (Chrono Boost)  
  15  0:38  Gateway  
  16  0:45  Probe (Chrono Boost)  
  16  0:48  Assimilator  
  17  0:51  Probe  
  18  1:03  Probe  
  19  1:15  Probe  
  20  1:27  Cybernetics Core  
  20  1:35  Nexus  
  20  1:38  Probe  
  21  1:44  Pylon  
  21  1:50  Probe  
  21  1:53  Assimilator  
  22  2:01  Adept (Chrono Boost)  
  22  2:07  Shield Battery  
  22  2:08  Probe  
  25  2:11  Warp Gate  
  25  2:21  Stalker (Chrono Boost)  
  25  2:24  Probe  
  27  2:36  Probe  
  28  2:37  Twilight Council  
  28  2:48  Stalker, Probe (Chrono Boost)  
  32  2:53  Probe (Chrono Boost)  
  33  3:00  Probe (Chrono Boost)  
  33  3:04  Probe (Chrono Boost)  
  33  3:05  Probe (Chrono Boost)  
  34  3:09  Blink (Chrono Boost)  
  35  3:13  Probe (Chrono Boost)  
  37  3:20  Probe (Chrono Boost)  
  37  3:23  Probe (Chrono Boost)  
  39  3:27  Gateway, Probe (Chrono Boost)  
  39  3:28  Probe (Chrono Boost)  
  40  3:35  Robotics Facility  
  40  3:37  Assimilator  
  40  3:38  Probe  
  40  3:40  Probe  
  42  3:43  Pylon  
  42  3:50  Probe  
  42  3:52  Probe  
  44  3:57  Pylon  
  44  3:59  Sentry  
  46  4:03  Probe  
  46  4:04  Probe  
  48  4:11  Nexus  
  48  4:16  Probe  
  49  4:18  Pylon, Probe  
  49  4:22  Stalker  
  49  4:23  Observer  
  53  4:27  Stalker  
  53  4:29  Probe  
  57  4:31  Probe  
  57  4:36  Gateway  
  57  4:40  Gateway  
  57  4:42  Probe  
  59  4:45  Observer  
  59  5:03  Stalker x2  
  59  5:09  Probe x2  
  61  5:20  Immortal (Chrono Boost)  
  61  5:24  Probe  
  61  5:25  Probe  
  61  5:26  Pylon  
  61  5:27  Probe  
  68  5:32  Stalker x2  
  72  5:36  Stalker, Probe  
  75  5:48  Charge (Chrono Boost)  
  75  5:49  Shield Battery  
  75  5:53  Gateway  
  75  5:54  Gateway  
  75  5:55  Shield Battery  
  75  6:06  Immortal  
  75  6:09  Probe  
  71  6:14  Probe  
  71  6:15  Stalker  
  69  6:25  Probe  
  69  6:31  Probe  
  70  6:40  Probe  
  70  6:41  Stalker  
  72  6:53  Probe  
  72  6:54  Probe  
  74  6:57  Warp Prism (Chrono Boost)  
  74  6:59  Zealot  
  75  7:03  Probe (Chrono Boost)  
  75  7:09  Observer  
  75  7:13  Probe (Chrono Boost)  
  78  7:16  Probe (Chrono Boost)  
  78  7:19  Probe (Chrono Boost)  
  77  7:23  Probe (Chrono Boost)  
  77  7:27  Probe (Chrono Boost)  
Show
View Real Time Build Order
Export as new Build Order

Kas Terran 

Build Orders:  

Get SALT Encoding   

  12  0:00  SCV  
  13  0:12  SCV  
  14  0:17  Supply Depot  
  14  0:24  SCV  
  15  0:38  SCV  
  15  0:39  Barracks  
  16  0:43  Refinery  
  16  0:50  SCV  
  17  1:02  SCV  
  18  1:15  SCV  
  19  1:28  Marine  
  19  1:29  Orbital Command  
  20  1:42  Command Center  
  20  1:48  Barracks Reactor  
  20  1:52  Supply Depot  
  20  1:56  SCV  
  21  2:05  Factory  
  21  2:09  SCV  
  21  2:14  Refinery  
  22  2:24  SCV  
  22  2:25  Marine x2  
  22  2:28  Bunker  
  25  2:36  SCV  
  26  2:43  Marine x2  
  28  2:48  SCV  
  29  2:53  Starport  
  30  2:59  Orbital Command  
  30  3:01  Widow Mine  
  30  3:03  SCV  
  32  3:08  Marine  
  32  3:11  Marine  
  34  3:15  SCV  
  35  3:22  Widow Mine  
  35  3:25  SCV  
  35  3:26  Marine  
  39  3:28  SCV  
  39  3:29  Marine  
  39  3:30  Medivac  
  43  3:34  Supply Depot  
  43  3:37  SCV  
  44  3:44  Supply Depot, Widow Mine  
  46  3:56  Marine x2, SCV x2  
  46  4:02  Supply Depot  
  50  4:03  Liberator  
  50  4:06  Factory Tech Lab  
  50  4:08  SCV x2  
  55  4:13  Supply Depot  
  55  4:14  Marine  
  56  4:20  SCV x2  
  58  4:25  Siege Tank  
  58  4:27  Supply Depot  
  58  4:28  Marine  
  62  4:32  SCV x2  
  62  4:35  Marine  
  65  4:39  Supply Depot  
  65  4:44  SCV  
  66  4:45  SCV  
  66  4:46  Marine, Liberator  
  71  4:55  Marine  
  71  4:57  SCV x2  
  72  5:04  Marine  
  71  5:08  Siege Tank  
  71  5:09  SCV  
  71  5:10  SCV  
  71  5:13  Supply Depot  
  74  5:19  Marine, Command Center  
  74  5:21  SCV  
  76  5:22  Marine  
  76  5:24  SCV  
  78  5:30  Refinery  
  78  5:31  Supply Depot  
  78  5:32  Barracks  
  78  5:33  SCV, Barracks  
  79  5:35  Starport Tech Lab  
  79  5:37  Marine  
  79  5:39  Marine  
  79  5:40  SCV  
  82  5:44  Siege Tank  
  82  5:45  SCV  
  82  5:47  Supply Depot  
  82  5:49  Refinery  
  86  5:53  SCV  
  86  6:02  SCV  
  85  6:09  Marine x2  
  85  6:11  SCV  
  86  6:17  Supply Depot, Barracks, Engineering Bay  
  86  6:18  Barracks  
  86  6:20  Starport Reactor  
  78  6:27  Marine x2, SCV x2  
  72  6:34  Orbital Command  
  72  6:39  SCV x2  
  74  6:41  Siege Tank  
  74  6:43  Barracks Tech Lab  
  77  6:49  Marine x2  
  77  6:50  Marauder  
  77  6:51  SCV x2  
  76  7:00  Orbital Command  
  73  7:02  Marauder  
  73  7:03  SCV  
  73  7:05  SCV, Barracks Tech Lab  
  73  7:06  Barracks Reactor  
  73  7:07  Marine  
  76  7:11  Marauder  
  76  7:12  Marine  
  84  7:15  SCV  

Tags
 
Add a new tag
Caveats
  • Supply blocks, unpowered buildings, or Contaminate may cause inaccurate times.
  • Supply counts are checked every 10 seconds.